 Dungeon Crawl Stone Soup version 0.18-a0-1666-g3ea6f2b (webtiles) character file.

11826 ShittyPlayer the Destroyer (level 11, -1/68 HPs)
             Began as a Demonspawn Wizard on Mar 31, 2016.
             Was a Priest of Vehumet.
             Slain by a yak (4 damage)
             ... on level 1 of the Lair of Beasts.
             The game lasted 00:58:17 (15011 turns).

ShittyPlayer the Destroyer (Demonspawn Wizard)     Turns: 15011, Time: 00:58:17

Health: -1/68      AC:  7    Str: 14    XL:     11   Next: 54%
Magic:  2/25       EV:  2    Int: 25    God:    Vehumet [***...]
Gold:   698        SH:  0    Dex: 11    Spells: 4 memorised, 21 levels left

rFire  + . .     SeeInvis .     s - +4 hand axe
rCold  . . .     Gourm    +     m - +2 robe {rF+}
rNeg   + + +     Faith    .     (no shield)
rPois  ∞         Spirit   .     y - +1 hat {Int+3}
rElec  .         Dismiss  .     n - +0 cloak
rCorr  .         Reflect  .     w - +0 pair of gloves
SustAt .         Harm     .     (no boots)
MR     .....                    G - amulet of the gourmand
Stlth  ++........               (no ring)
                                (no ring)

@: mighty, petrified, not resistant to hostile enchantments, unstealthy
A: claws 2, powered by pain 2
a: Renounce Religion


You were on level 1 of the Lair of Beasts.
You worshipped Vehumet.
Vehumet was most pleased with you.
You were not hungry.

You visited 3 branches of the dungeon, and saw 12 of its levels.

You collected 698 gold pieces.

Inventory:

Hand Weapons
 h - a +0 dagger
 k - a +3 hand axe
 s - a +4 hand axe (weapon)
 E - the +9 blowgun "Xiqillam" {evade, MR+}
   (You took it off an orc on level 6 of the Dungeon)

   It affects your evasion (+5 to EV).
   It affects your resistance to hostile enchantments.
Missiles
 z - 6 curare-tipped needles
Armour
 a - a +0 robe
 b - a +0 hat
 m - a +2 robe of fire resistance (worn)
 n - a +0 cloak (worn)
 w - a +0 pair of gloves (worn)
 y - a +1 hat of intelligence (worn)
Rods
 e - a +1 rod of ignition (8/14)
   (You found it on level 3 of the Dungeon)
Jewellery
 G - an amulet of the gourmand (around neck)
 H - an uncursed ring of loudness
 J - an uncursed amulet of guardian spirit
Wands
 v - a wand of enslavement (9/24)
 F - a wand of confusion (0/48)
Scrolls
 f - a scroll of fog {unknown}
 j - 6 scrolls of teleportation
 l - 5 scrolls of identify
 o - 2 scrolls of magic mapping
 q - a scroll of enchant armour
 x - a scroll of random uselessness
 A - 4 scrolls of remove curse
 I - a scroll of enchant weapon
Potions
 g - 4 potions of brilliance
 i - 2 potions of degeneration
 p - a potion of resistance
 D - a potion of agility
Books
 c - a book of Minor Magic

   Spells                             Type                      Level
   a - Magic Dart                     Conjuration                  1
   b - Blink                          Translocation                2
   c - Call Imp                       Summoning                    2
   d - Repel Missiles                 Charms/Air                   2
   e - Slow                           Hexes                        2
   f - Conjure Flame                  Conjuration/Fire             3
   g - Mephitic Cloud                 Conjuration/Poison/Air       3
 r - a book of Callings

   Spells                             Type                      Level
   a - Summon Small Mammal            Summoning                    1
   b - Call Imp                       Summoning                    2
   c - Call Canine Familiar           Summoning                    3
   d - Summon Guardian Golem          Hexes/Summoning              3
   e - Summon Lightning Spire         Summoning/Air                4
   f - Summon Ice Beast               Ice/Summoning                4
Comestibles
 d - a bread ration
 t - 5 meat rations
 u - a fruit
 B - 4 beef jerkies
 C - 7 slices of pizza


   Skills:
 - Level 1.7 Dodging
 - Level 1.7 Stealth
 - Level 10.6 Spellcasting
 - Level 13.1 Conjurations
   Level 1.0 Summonings
   Level 0.8 Translocations
 + Level 5.5 Fire Magic


You had 21 spell levels left.
You knew the following spells:

 Your Spells              Type           Power        Failure   Level  Hunger
a - Magic Dart            Conj           ####         1%          1    None
b - Conjure Flame         Conj/Fire      ######..     1%          3    None
c - Mephitic Cloud        Conj/Pois/Air  #####...     1%          3    None
d - Ignite Poison         Fire/Trmt/Pois ###.....     2%          3    None


Dungeon Overview and Level Annotations

Branches:
Dungeon (10/15)            Temple (1/1) D:6            Lair (1/8) D:10
    Orc: D:9-12

Altars:
Ashenzari
Cheibriados
Dithmenos
Elyvilon
Fedhas
Gozag
Kikubaaqudgha
Makhleb
Nemelex Xobeh
Okawaru
Pakellas
Qazlal
Ru
Sif Muna
Trog
Vehumet
Xom
Yredelemnul
Zin
The Shining One

Shops:
D:5 *

Annotations:
D:7 feelmyfire's ghost, novice HOFi
D:9 exclusion: orange crystal statue


Innate Abilities, Weirdness & Mutations

You have very sharp fingernails.
You sometimes gain power by taking damage.


Message History

You are slowing down.
The yak gores the yak!
You hit the basilisk.
The basilisk is severely wounded.
The basilisk bites you.
The yak gores itself.
The yak gores the yak!
The yak is killed!
Vehumet accepts your kill. The basilisk bites you!
The yak is engulfed in noxious fumes.
The yak gores you.
You have turned to stone.
The basilisk bites you! The yak gores you but does no damage.
The basilisk bites you!
* * * LOW HITPOINT WARNING * * *
The yak gores you.
* * * LOW HITPOINT WARNING * * *
The basilisk completely misses you. The yak gores you but does no damage.
Your magical contamination has completely faded away.
The basilisk bites you!!
* * * LOW HITPOINT WARNING * * *
The yak gores you!
You die...

. ### .#.
##+##..#####
....##..Y#......#
......#...).##P..####
.......⌠.>.⌠#........
.....##..Y.Y#........
[.... ##.⌠.#Y@.......
.....##....#.l.......
.....................
.....................
..........<.......%..
.....................
...........#.........
...(.#.....P.........
.....#...............


You could see 3 yaks and a basilisk.

Vanquished Creatures
  Gastronok (D:9)
  A hydra (D:10)
  A black mamba (D:10)
  An ice statue (D:9)
  Joseph (D:7)
  A komodo dragon (D:10)
  3 trolls (D:10)
  7 hippogriffs
  3 humans
  4 vampire mosquitoes (D:10)
  Grum (D:9)
  7 yaks (Lair:1)
  A steam dragon (D:9)
  A hungry ghost (D:7)
  2 water moccasins (D:9)
  2 orc warriors (D:8)
  2 sky beasts
  An eye of draining (D:8)
  3 wolves (D:9)
  2 ice beasts
  2 centaurs
  3 ogres
  A big kobold (D:8)
  4 giant frogs
  A wyvern zombie (D:9)
  2 scorpions
  11 killer bees
  4 howler monkeys
  3 wights (D:6)
  4 jellies
  A centaur zombie (D:8)
  7 crimson imps
  2 giant frog zombies
  A quasit (D:8)
  4 orc priests
  3 giant frog skeletons
  4 hounds
  5 orc wizards
  An iron imp (D:9)
  6 iguanas
  7 worker ants
  A killer bee zombie (D:10)
  4 sheep (D:7)
  2 hound zombies
  2 hound skeletons
  16 adders
  8 gnolls
  A shadow imp (D:8)
  An ooze (D:3)
  An adder zombie (D:7)
  3 adder skeletons
  3 worms
  2 dart slugs
  7 giant geckos
  32 orcs
  3 giant cockroaches
  15 goblins
  11 hobgoblins
  9 jackals
  7 quokkas
  A ball python (D:2)
  4 bats
  A giant gecko skeleton (D:6)
  10 giant newts
  23 kobolds
  6 rats
294 creatures vanquished.

Vanquished Creatures (collateral kills)
  2 killer bees
2 creatures vanquished.

Vanquished Creatures (others)
  A killer bee (D:8)
  17 plants (D:10)
18 creatures vanquished.

Grand Total: 314 creatures vanquished

Notes
Turn   | Place    | Note
--------------------------------------------------------------
     0 | D:1      | ShittyPlayer the Demonspawn Wizard began the quest for the Orb.
     0 | D:1      | Reached XP level 1. HP: 13/13 MP: 4/4
   491 | D:1      | Reached skill level 2 in Conjurations
   491 | D:1      | Gained mutation: You have sharp fingernails. [demonic ancestry]
   491 | D:1      | Reached XP level 2. HP: 15/19 MP: 0/6
  1275 | D:2      | Found a stormy altar of Qazlal.
  1485 | D:2      | Reached skill level 3 in Conjurations
  1626 | D:2      | Reached XP level 3. HP: 24/24 MP: 4/7
  1722 | D:2      | Learned a level 3 spell: Mephitic Cloud
  1726 | D:2      | Learned a level 3 spell: Conjure Flame
  1881 | D:2      | Found a stormy altar of Qazlal.
  2561 | D:3      | Identified a +0 rod of ignition (13/13) (You found it on level 3 of the Dungeon)
  2789 | D:3      | Reached XP level 4. HP: 30/30 MP: 4/8
  2845 | D:3      | Reached skill level 4 in Conjurations
  2860 | D:3      | Reached XP level 5. HP: 32/35 MP: 2/10
  3075 | D:3      | Found a blossoming altar of Fedhas.
  3452 | D:4      | Reached skill level 5 in Conjurations
  3460 | D:4      | Reached XP level 6. HP: 21/41 MP: 3/12
  4332 | D:4      | Found a sparkling altar of Nemelex Xobeh.
  4783 | D:4      | Reached skill level 6 in Conjurations
  4783 | D:4      | Reached XP level 7. HP: 22/46 MP: 6/14
  4867 | D:4      | Reached skill level 5 in Spellcasting
  4894 | D:5      | Entered Level 5 of the Dungeon
  4904 | D:5      | Found a sacrificial altar of Ru.
  5018 | D:5      | Found Poczovoll's General Store.
  5915 | D:6      | Found a staircase to the Ecumenical Temple.
  5939 | D:6      | Reached XP level 8. HP: 36/52 MP: 3/18
  5945 | Temple   | Entered the Ecumenical Temple
  6181 | D:6      | Found a sacrificial altar of Ru.
  6546 | D:6      | Got a crystal blowgun
  6547 | D:6      | Identified the +9 blowgun "Xiqillam" {evade, MR+} (You took it off an orc on level 6 of the Dungeon)
  7336 | D:7      | Noticed feelmyfire's ghost (novice HOFi)
  7357 | D:7      | Noticed Joseph
  7377 | D:7      | Killed Joseph
  7612 | D:6      | Gained mutation: You sometimes gain a little power by taking damage. [demonic ancestry]
  7612 | D:6      | Reached XP level 9. HP: 56/57 MP: 9/22
  8058 | D:7      | Reached skill level 10 in Spellcasting
  8380 | D:7      | Found a radiant altar of Vehumet.
  8381 | D:7      | Found a burning altar of Makhleb.
  8386 | D:7      | Became a worshipper of Vehumet
  9510 | D:8      | Reached skill level 7 in Conjurations
  9775 | D:8      | Found a white marble altar of Elyvilon.
 10047 | D:8      | Reached * piety under Vehumet
 10047 | D:8      | Offered knowledge of Flame Tongue by Vehumet.
 10049 | D:8      | Reached skill level 8 in Conjurations
 10366 | D:8      | Reached skill level 9 in Conjurations
 10826 | D:8      | Gained mutation: You sometimes gain power by taking damage. [demonic ancestry]
 10826 | D:8      | Reached XP level 10. HP: 63/63 MP: 14/24
 11076 | D:9      | Found a snail-covered altar of Cheibriados.
 11132 | D:9      | Found an iron altar of Okawaru.
 11195 | D:9      | Noticed Gastronok
 11502 | D:9      | Killed Gastronok
 11502 | D:9      | Reached skill level 11 in Conjurations
 11545 | D:9      | Reached ** piety under Vehumet
 11545 | D:9      | Offered knowledge of Throw Frost by Vehumet.
 11599 | D:9      | Found a shimmering altar of Xom.
 11689 | D:9      | Found a glowing golden altar of the Shining One.
 11705 | D:9      | Noticed an ice statue
 12443 | D:9      | Killed an ice statue
 12473 | D:9      | Found a glowing golden altar of the Shining One.
 12530 | D:9      | Noticed an orange crystal statue
 12611 | D:9      | Noticed Grum
 12617 | D:9      | Reached skill level 12 in Conjurations
 12637 | D:9      | Killed Grum
 12789 | D:9      | Found an oddly glowing altar of Pakellas.
 13398 | D:9      | Found a shattered altar of Ashenzari.
 13398 | D:9      | Found a shadowy altar of Dithmenos.
 13473 | D:10     | Entered Level 10 of the Dungeon
 13491 | D:10     | Gained mutation: You have very sharp fingernails. [demonic ancestry]
 13491 | D:10     | Reached XP level 11. HP: 68/68 MP: 17/25
 13747 | D:10     | Noticed a four-headed hydra
 13970 | D:10     | Found a staircase to the Lair.
 13998 | D:10     | Offered knowledge of Ignite Poison by Vehumet.
 14003 | D:10     | Learned a level 3 spell: Ignite Poison
 14147 | D:10     | Reached skill level 13 in Conjurations
 14220 | D:10     | Reached *** piety under Vehumet
 14229 | D:10     | Reached skill level 1 in Fire Magic
 14768 | D:10     | Killed a four-headed hydra
 14915 | Lair:1   | Entered Level 1 of the Lair of Beasts
 14931 | Lair:1   | Reached skill level 5 in Fire Magic
 15011 | Lair:1   | HP: 3/68 [basilisk (9)]
 15011 | Lair:1   | Slain by a yak

Vault maps used:
D:1:      onia_arrival_pyramid, hangedman_decor_push
D:2:      lemuel_upstairs_altar, lemuel_crystal_altar,
          nicolae_qazlal_eye_of_the_storm
D:3:      nicolae_overflow_hidden_temple, first_bread
D:4:      corexii_shantytown, kennysheep_mini
D:5:      nicolae_ru_path_of_blood, serial_shops, shop_fountains,
          minmay_lizard_king
D:6:      minmay_temple_entry_glass, basic_altar
D:7:      grunt_temple_overflow_lords_of_destruction, grunt_livestock,
          fedhas_bush_and_centaur_altar, uniq_joseph
D:8:      kennysheep_little_box
D:9:      minmay_separated_statues, slow_altar_1, tso_altar,
          grunt_pakellas_mercury, nicolae_overflow_crystal_walls,
          okawaru_humans, gammafunk_temple_overflow_statue, basic_altar,
          uniq_gastronok, uniq_grum
D:10:     david_lair_shrubbed
Temple:   circular_temple_6
Lair:1:   grunt_megastairs_1

Skill      XL: |  1  2  3  4  5  6  7  8  9 10 11 |
---------------+----------------------------------+-----
Conjurations   | 2 3 4 5 6 9 12 13 | 13.1
Spellcasting   | 4 7 9 10 | 10.6
Fire Magic     | 5 |  5.5
Dodging        | |  1.7
Stealth        | |  1.7
Summonings     | |  1.0
Translocations | |  0.8

Action                   |  1- 3 |  4- 6 |  7- 9 | 10-12 || total
-------------------------+-------+-------+-------+-------++-------
Melee: Dagger            |   115 |    30 |       |       ||   145
       Hand axe          |       |   139 |   214 |    56 ||   409
 Fire: Blowgun           |       |       |     2 |     7 ||     9
Throw: Stone             |     1 |       |       |       ||     1
 Cast: Magic Dart        |    81 |    45 |   304 |   348 ||   778
       Mephitic Cloud    |     3 |    13 |    32 |    37 ||    85
       Conjure Flame     |       |       |     9 |     5 ||    14
       Ignite Poison     |       |       |       |    12 ||    12
Evoke: Rod               |       |     4 |    17 |    22 ||    43
       Wand              |       |       |     8 |       ||     8
  Use: Potion            |     3 |       |    13 |     7 ||    23
       Scroll            |       |       |    11 |     3 ||    14
 Stab: Confused          |     1 |     6 |     7 |     2 ||    16
       Sleeping          |       |     1 |     1 |       ||     2
  Eat: Chunk             |     5 |     7 |    14 |    11 ||    37
       Bread ration      |       |     1 |     3 |     4 ||     8
       Pizza             |       |       |       |     1 ||     1
